 Dungeon Crawl Stone Soup version 0.31-b1-22-gc680215f68 (webtiles) character file.

Game seed: 16248410030432396112

177 Gabide the Cudgeller (level 5, -1/53 HPs)
             Began as an Oni Reaver on Jan 18, 2024.
             Shot with an arrow by a centaur (11 damage)
             ... on level 5 of the Dungeon.
             The game lasted 00:03:43 (2449 turns).

Gabide the Cudgeller (Oni Reaver)                   Turns: 2449, Time: 00:03:43

Health: -1/53      AC:  4    Str: 22    XL:     5   Next: 57%
Magic:  9/9        EV: 10    Int: 19    God:
Gold:   177        SH:  0    Dex:  7    Spells: 9/10 levels left

rFire   . . .        a - +1 morningstar "Etoiliu" {venom, rElec rPois Int+3}
rCold   . . .        (no shield)
rNeg    . . .        b - +1 robe
rPois   +            (helmet restricted)
rElec   +            (no cloak)
rCorr   .            (gloves unavailable)
SInv    .            (boots unavailable)
Will    .....        (no amulet)
Stlth   +            k - +6 ring of strength
HPRegen 0.28/turn    (no ring)
MPRegen 0.11/turn

%: no passive effects
@: no status effects
A: large, unfitting armour, horns 1, tough skin 1, double potion healing,
drunken brawling
a: no special abilities


You were on level 5 of the Dungeon.
You visited 1 branch of the dungeon, and saw 4 of its levels.

You collected 177 gold pieces.

Inventory:

Hand Weapons
 a - the +1 morningstar "Etoiliu" (weapon) {venom, rElec rPois Int+3}
   (You found it on level 2 of the Dungeon)

   Int+3:     It affects your intelligence (+3).
   rElec:     It insulates you from electricity.
   rPois:     It protects you from poison
Armour
 b - a +1 robe (worn)
Jewellery
 k - a +6 ring of strength (left hand)
Wands
 c - a wand of paralysis (6) (quivered)
Scrolls
 f - a scroll of teleportation {unknown}
 h - a scroll of revelation {unknown}
Potions
 d - 2 potions of haste
 e - a potion of cancellation {unknown}
 g - a potion of lignification {unknown}
 j - a potion of mutation {unknown}


   Skills:
 - Level 3.0 Fighting
 + Level 4.0 Maces & Flails
 - Level 3.0 Dodging
 - Level 3.0 Spellcasting
 + Level 3.8 Conjurations


You had 9 spell levels left.
You knew the following spells:

 Your Spells              Type           Power      Damage    Failure   Level
a - Kiss of Death         Conj/Necr      40%        2d8       7%          1

Your spell library contained the following spells:

 Spells                   Type           Power      Damage    Failure   Level
 Momentum Strike          Conj/Tloc      20%        3d8       11%         2
 Dazzling Flash           Conj/Hex       20%        N/A       21%         3
 Hailstorm                Conj/Ice       10%        3d6       21%         3
 Lesser Beckoning         Tloc           4%         N/A       22%         2
 Teleport Other           Tloc           2%         N/A       41%         3
 Volatile Blastmotes      Fire/Tloc      4%         2d10      41%         3
 Vhi's Electric Charge    Tloc/Air       4%         N/A       83%         4
 Starburst                Conj/Fire      5%         6d4       100%        6
 Maxwell's Capacitive Co  Air            1%         ∞         100%        8


Dungeon Overview and Level Annotations

Branches:
Dungeon (3/15)

Altars:


Innate Abilities, Weirdness & Mutations

You are too large for most types of armour.
You have a pair of small horns on your head.
You have tough skin. (AC +1)
You gain doubled healing and magic from potions.
Whenever you drink a healing potion, you attack all around you.


Message History

The dart slug briefly extends its eye-stalks.
The centaur shoots an arrow.
The arrow closely misses you.
The centaur shoots an arrow.
The arrow hits you! The dart slug barely misses you.
The centaur shoots an arrow.
The arrow hits you.
You impale the dart slug!!
You kill the dart slug!
The centaur shoots an arrow.
The arrow hits you.
The centaur shoots an arrow.
The arrow hits you!
* * * LOW HITPOINT WARNING * * *
You are too injured to fight recklessly!
You are too injured to fight recklessly!
You are too injured to fight recklessly!
You are too injured to fight recklessly!
You are too injured to fight recklessly!
You are too injured to fight recklessly!
You are too injured to fight recklessly!
You are too injured to fight recklessly!
You are too injured to fight recklessly!
You are too injured to fight recklessly!
You are too injured to fight recklessly!
You are too injured to fight recklessly!
You are too injured to fight recklessly!
You are too injured to fight recklessly!
Aiming: Kiss of Death (safe; 7% risk of failure)
Press: ? - help, Q - select action, (/) - cycle Shift-Dir - straight line, f - you
Okay, then.
Unknown command.
Okay, then.
Okay, then.
Aiming: Paralyse
Press: ? - help, Shift-Dir - straight line, f - centaur
Aim: a centaur, wielding a +0 orcbow (chance to affect: 49%)
The centaur resists with some effort.
Aiming: Paralyse
Press: ? - help, Shift-Dir - straight line, f/p - centaur
Aim: a centaur, wielding a +0 orcbow (chance to affect: 49%)
The centaur resists with some effort.
The centaur shoots an arrow.
The arrow hits you!
You die...

# #....# #
#....# # +....#
# #....#### #
#....#..# #
#...)#..+ . #
#....'..#####...
#
#....####.......
#
#.......@.......
#
#...............
#
#...............
+........#####+#
#........#
#.......c+
#........#
#.........


You could see a centaur.

Vanquished Creatures
  A scorpion (D:5)
  A hound (D:5)
  A jelly (D:5)
  A hound skeleton (D:2)
  An adder zombie (D:2)
  2 ribbon worms (D:2)
  2 dart slugs
  An orc (D:3)
  A ball python (D:1)
  An endoplasm (D:1)
  2 giant cockroaches (D:1)
  5 goblins
  A hobgoblin (D:3)
  A ball python skeleton (D:2)
  A ball python zombie (D:2)
  6 bats
  4 kobolds
  A quokka zombie (D:2)
  4 rats (D:1)
37 creatures vanquished.

Notes
Turn   | Place    | Note
-------+----------+-------------------------------------------
     0 | D:1      | Gabide the Oni Reaver began the quest for the Orb.
     0 | D:1      | Reached XP level 1. HP: 22/22 MP: 3/3
   327 | D:1      | Reached XP level 2. HP: 16/29 MP: 5/5
   828 | D:2      | Reached XP level 3. HP: 31/37 MP: 5/7
  1009 | D:2      | Got the Codex of Wanderlust
  1061 | D:2      | Found a faded altar of an unknown god.
  1484 | D:2      | Identified the +1 morningstar "Etoiliu" {venom, rElec rPois
                  | Int+3}
  2102 | D:3      | You fall into a shaft and drop 2 floors!
  2102 | D:5      | Entered Level 5 of the Dungeon
  2106 | D:5      | Noticed a scorpion
  2113 | D:5      | Killed a scorpion
  2114 | D:5      | Reached XP level 4. HP: 41/45 MP: 8/8
  2233 | D:5      | Reached XP level 5. HP: 40/53 MP: 9/9
  2242 | D:5      | Reached skill level 4 in Maces & Flails
  2443 | D:5      | Noticed a centaur
  2449 | D:5      | Shot with an arrow by a centaur

Illustrated notes

Levels and vault maps discovered:
D:1:      dpeg_arrival_subterranean_lakeside_camping, layout_loops_ring
D:2:      layout_loops_corners, serial_undead, serial_undead_d, serial_undead_a,
          serial_undead_f, serial_undead_a,
          chequers_ecumenical_altar_simple_redux
D:3:      layout_loops_cross, serial_co_window_serial, co_window_paths_b,
          co_window_paths_a, co_window_paths_a, co_window_corner_a,
          co_window_corner_a, co_window_corner_b, co_window_broadway_c,
          co_window_broadway_c, co_window_4corner_b, co_window_sun
D:5:      layout_gridville, marbit_many_paths

Skill      XL: |  1  2  3  4  5 |
---------------+----------------+-----
Fighting       | 3 |  3.0
Dodging        | 2 3 |  3.0
Spellcasting   | 3 |  3.0
Conjurations   | 3 |  3.8
Maces & Flails | 4 |  4.0

Action                     |  1- 3 |  4- 6 || total
---------------------------+-------+-------++-------
  Melee: Mace              |    77 |       ||    77
         Headbutt          |    15 |     1 ||    16
         Morningstar       |    18 |    12 ||    30
         Punch             |     1 |       ||     1
  Evoke: Wand              |       |     2 ||     2
    Use: Scroll            |     5 |       ||     5
 Armour: Robe              |    74 |    16 ||    90
  Dodge: Dodged            |    46 |    13 ||    59
